 Dungeon Crawl Stone Soup version 0.31-a0-255-g9c3d1c461a (webtiles) character file.

Game seed: 9298423215920488521

124425 qw the Warrior (level 16, -7/114 HPs)
             Began as a Gargoyle Hexslinger on July 12, 2023.
             Was an Elder of Okawaru.
             Mangled by a tentacle (17 damage)
             ... attached to a kraken
             ... on level 2 of the Shoals.
             The game lasted 00:12:14 (21414 turns).

qw the Warrior (Gargoyle Hexslinger)               Turns: 21414, Time: 00:12:15

Health: -7/114     AC: 38    Str: 17    XL:     16   Next: 93%
Magic:  21/23      EV: 32    Int: 15    God:    Okawaru [****..]
Gold:   1316       SH:  0    Dex: 30    Spells: 16/17 levels left

rFire   + + +        o - +0 longbow
rCold   . . .        (shield currently unavailable)
rNeg    + . .        C - +0 troll leather armour
rPois   inf          b - +2 helmet
rElec   +            a - +1 cloak
rCorr   .            m - +2 pair of gloves
SInv    .            s - +2 pair of boots of Qes Yvva {*Slow rF+++ Str+4 Dex+3}
Will    +....        c - amulet "Eriek" {Acrobat Dex+3}
Stlth   ++++         e - +4 ring of protection
HPRegen 1.19/turn    p - +6 ring of dexterity
MPRegen 0.18/turn

%: slow self (1%), acrobat
@: about to teleport, heroic, flying
A: sickness immunity, AC +12, big wings, negative energy resistance 1,
electricity resistance, torment resistance 1, petrification resistance,
iridescent scales 1, fire resistance 1
a: Renounce Religion, Heroism, Finesse


You were on level 2 of the Shoals.
You worshipped Okawaru.
Okawaru was greatly pleased with you.
You visited 5 branches of the dungeon, and saw 25 of its levels.
You also visited: Sewer and Gauntlet.

You collected 2964 gold pieces.
You spent 1648 gold pieces at shops.


Innate Abilities, Weirdness & Mutations

You are immune to sickness and miasma.
Your stone body is resilient. (AC +12)
You are immune to poison.
Your large and strong wings let you fly.
You resist negative energy. (rN+)
You are resistant to electric shocks. (rElec)
You are resistant to unholy torment.
You are immune to petrification.
You are partially covered in iridescent scales. (AC +2)
Your flesh is heat resistant. (rF+)


   Skills:
 - Level 18.0(23.0) Fighting
 + Level 16.0(21.0) Ranged Weapons
 - Level 10.0(15.0) Armour
 - Level 13.1(18.1) Dodging
 - Level 1.0 Spellcasting
 - Level 2.6 Hexes
 - Level 10.0 Invocations


You had 16 spell levels left.
You knew the following spells:

 Your Spells              Type           Power      Damage    Failure   Level
a - Slow                  Hex            32%        N/A       9%          1

Your spell library contained the following spells:

 Spells                   Type           Power      Damage    Failure   Level
 Inner Flame              Hex/Fire       4%         N/A       43%         3
 Portal Projectile        Hex/Tloc       8%         N/A       43%         3
 Cause Fear               Hex            4%         N/A       65%         4

Inventory:

Hand Weapons
 o - a +0 longbow (weapon)
Armour
 a - a +1 cloak (worn)
 b - a +2 helmet (worn)
 m - a +2 pair of gloves (worn)
 s - the +2 pair of boots of Qes Yvva (worn) {*Slow rF+++ Str+4 Dex+3}
   (You found it on level 8 of the Dungeon)

   Str:       It affects your strength (+4).
   Dex:       It affects your dexterity (+3).
   rF:        It renders you almost immune to fire.
   *Slow:     It may slow you when you take damage.
 w - a +3 ring mail of fire resistance
 B - the +3 hat of Pondering {ponderous, Will+ MP+10 Int+5}
   (You took it off Gastronok on level 1 of the Lair of Beasts)

   Int:       It affects your intelligence (+5).
   MP:        It affects your magic capacity (+10).
   Will:      It increases your willpower.
 C - a +0 troll leather armour (worn)
Jewellery
 c - the amulet "Eriek" (around neck) {Acrobat Dex+3}
   (You found it on level 6 of the Dungeon)

   [amulet of the acrobat]

   It increases your evasion while moving and waiting.
   Dex:       It affects your dexterity (+3).
 e - a +4 ring of protection (left hand)
 p - a +6 ring of dexterity (right hand)
 u - an amulet of reflection
 v - a ring of protection from fire
Wands
 j - a wand of digging (3)
Scrolls
 k - 8 scrolls of identify
 q - 7 scrolls of teleportation
Potions
 d - 2 potions of enlightenment
 g - 9 potions of curing
 h - 5 potions of heal wounds
 i - 2 potions of mutation
 l - 2 potions of cancellation
 n - 2 potions of magic
 r - 2 potions of might
 t - 3 potions of haste
 x - 2 potions of resistance

Dungeon Overview and Level Annotations

Branches:
Dungeon (15/15)            Temple (1/1) D:6            Lair (5/5) D:9
 Shoals (2/4) Lair:3        Snake (0/4) Lair:2        Slime (0/5) Lair:4
    Orc (2/2) D:9             Elf (0/3) Orc:2        Vaults (0/5) D:13
 Depths (0/4) D:15          Sewer (visited)         Gauntlet (visited)

Altars:
Ashenzari
Cheibriados
Dithmenos
Elyvilon
Fedhas
Gozag
Hepliaklqana
Kikubaaqudgha
Makhleb
Nemelex Xobeh
Okawaru
Qazlal
Ru
Sif Muna
Trog
Uskayaw
Vehumet
Wu Jian
Xom
Yredelemnul
Zin
The Shining One
Jiyva

Shops:
D:7 ?   D:15 !   Orc:2 [[[*[

Portals:
Trove: D:10 (show slimy rune of Zot)

Annotations:
D:9 3 runed translucent doors, qw's ghost, novice DEHu; qw's ghost, novice GrHu


Message History

The tentacle misses you. The tentacle slaps you!
The tentacle completely misses you. The kraken bites you!
The tentacle slaps you!
The tentacle slaps you but does no damage. x3
21410 ||| INVOKING Heroism.
You gain the combat prowess of a mighty hero.
The tentacle slaps you but does no damage.
The tentacle slaps you! The tentacle misses you.
The tentacle slaps you but does no damage.
The kraken bites you!
You shoot an arrow.
The arrow hits the kraken but does no damage.
The kraken is lightly wounded.
The tentacle completely misses you. x3
The tentacle slaps you but does no damage.
The kraken bites you but does no damage.
The tentacle slaps you but does no damage.
The tentacle slaps you. The tentacle completely misses you.
The tentacle closely misses you.
You shoot an arrow.
The arrow hits the kraken but does no damage.
The kraken is lightly wounded.
The kraken completely misses you.
The tentacle slaps you but does no damage. x2
The tentacle completely misses you. x2
You shoot an arrow. The arrow hits the kraken!!
The kraken is moderately wounded.
The kraken bites you!!
The tentacle slaps you but does no damage.
The tentacle barely misses you. The tentacle misses you.
The tentacle barely misses you.
21414 ||| READING 8 scrolls of teleportation.
As you read the scroll of teleportation, it crumbles to dust.
You feel strangely unstable. The tentacle closely misses you.
The tentacle slaps you but does no damage.
The tentacle completely misses you. The kraken misses you.
The tentacle misses you. The tentacle completely misses you.
The tentacle slaps you!
You die...

P~~~~~~~~~~~~~~.~~
~~~~~~~~~~~~~.....~~~~~~
~~~~~~~~~~~~~....~~~~~~~
~~~~~~~~~~~~~....~~~~~~~
~~~~~~~~~~~~~~...~~~~~~~
~~~~~~~~~~~~~~..~~~~~~~~
~~~~~~~~~~~~~~~~~~~~~~~~
~~~~~~~~~~~~~w~w~~~~~~
~~~~~~~~~~~~~~@X~~~~~~
~~~~~~~~~~~~~w~w~~~~~~
~~~~~~~~~~~~~~~~~~~~~~
~~~~~~~~~~~~~~~~~~~~~~
~~~~~~~~~~~~~~~~~~~~~~
######################


You could see a kraken and 4 tentacles.

Vanquished Creatures
  Saint Roka (Orc:2)
  Rupert (Lair:4)
  Jorgrun (Orc:2)
  Gastronok (Lair:1)
  Roxanne (D:15)
  A minotaur (Gauntlet)
  An ettin (D:15)
  A ghost crab (Gauntlet)
  An ice dragon (Shoals:1)
  3 hydras
  2 catoblepae
  A satyr (Shoals:2)
  Erica (Lair:1)
  A death knight (D:13)
  A merfolk avatar (Shoals:1)
  2 centaur warriors
  12 two-headed ogres
  An ogre mage (D:15)
  5 boulder beetles
  8 death yaks
  A deep troll shaman (Lair:5)
  2 tengu warriors
  A soul eater (D:11)
  5 orc high priests
  A fire crab (Gauntlet)
  A skeletal warrior (D:9)
  4 skysharks
  2 deep trolls (D:15)
  2 sea snakes
  2 wizards
  2 orc knights
  Pikel (D:5)
  A phantasmal warrior (D:13)
  2 oklob plants
  2 necromancers (D:15)
  3 deep elf pyromancers
  13 ugly things
  4 orc sorcerers
  11 fauns
  7 cyclopes
  4 manticores
  7 elephants (Lair:5)
  4 merfolk sirens
  A black mamba (Lair:3)
  2 water nymphs (Shoals:1)
  An orange demon (D:11)
  2 gargoyles
  16 cane toads
  14 rime drakes
  Maggie (D:6)
  7 komodo dragons
  3 tengu conjurers
  3 kobold demonologists
  A freezing wraith (D:14)
  11 trolls
  2 queen bees
  3 meliai (D:12)
  A wind drake (Shoals:1)
  9 merfolk
  2 hornets
  A hellwing (D:11)
  A polar bear (Lair:1)
  A snapping turtle (Shoals:1)
  Grinder (D:3)
  7 blink frogs
  8 dream sheep
  2 slime creatures
  2 shadows (D:11)
  3 water elementals (Shoals:1)
  A spriggan (shapeshifter) (D:13)
  4 wyverns
  7 wraiths
  28 yaks
  4 vampires
  8 fire bats
  A fire elemental (D:13)
  13 steam dragons
  7 basilisks
  2 vampire mosquitoes (D:9)
  Menkaure (D:6)
  2 nagas (Lair:2)
  2 acid dragons (D:9)
  A warg (Orc:1)
  13 water moccasins
  3 black bears
  Pargi (Sewer)
  27 orc warriors
  4 ice beasts
  3 sky beasts
  14 ogres
  12 centaurs
  26 wolves
  2 phantoms (D:6)
  6 kobold brigands
  Blork the orc (D:4)
  19 bullfrogs
  5 scorpions
  10 wights
  28 killer bees
  3 electric eels
  2 howler monkeys
  A crimson imp (D:11)
  A lava snake (Lair:3)
  A quasit (D:11)
  23 orc priests
  8 hounds
  A jelly (D:4)
  4 gnoll boudas
  An iron imp (D:11)
  3 sleepcaps (D:5)
  7 iguanas
  27 orc wizards
  11 adders
  22 gnolls
  A river rat (D:6)
  A shadow imp (D:11)
  4 white imps
  4 ufetubi
  A worm (D:6)
  3 dart slugs
  64 orcs
  7 ball pythons
  8 bats
  9 endoplasms
  7 giant cockroaches
  11 goblins
  6 hobgoblins
  15 kobolds
  7 quokkas
  2 frilled lizards
  10 rats
763 creatures vanquished.

Vanquished Creatures (others)
  A bullfrog (D:7)
  An orc priest (Orc:2)
  An orc wizard (Orc:2)
  A gnoll (Orc:2)
  3 orcs (Orc:2)
7 creatures vanquished.

Grand Total: 770 creatures vanquished

Notes
Turn   | Place    | Note
-------+----------+-------------------------------------------
     0 | D:1      | qw the Gargoyle Hexslinger began the quest for the Orb.
     0 | D:1      | Reached XP level 1. HP: 12/12 MP: 2/2
     0 | D:1      | 0 ||| qw: Version: 0.3-a-52-g30416fa
     0 | D:1      | 0 ||| qw: Game counter: 6658
     0 | D:1      | 0 ||| qw: Melee chars always use a shield: true
     0 | D:1      | 0 ||| qw: God list: Okawaru
     0 | D:1      | 0 ||| qw: Allow faded altars: false
     0 | D:1      | 0 ||| qw: Do Orc after clearing Dungeon:15 true
     0 | D:1      | 0 ||| qw: Do second Lair branch before Depths: true
     0 | D:1      | 0 ||| qw: Lair rune preference: random
     0 | D:1      | 0 ||| qw: Goals: Normal
     0 | D:1      | 0 ||| PLANNING D:1-11
   176 | D:1      | Reached XP level 2. HP: 16/16 MP: 3/3
   282 | D:1      | Reached skill level 3 in Ranged Weapons
   739 | D:1      | 739 ||| UPGRADING to +4 ring of protection.
   740 | D:1      | 740 ||| READING scroll labelled WAUJEO KEBRE.
   741 | D:1      | 741 ||| DRINKING 2 glowing coppery potions.
   742 | D:1      | 742 ||| DROPPING scroll of poison.
   792 | D:2      | Reached skill level 2 in Fighting
   792 | D:2      | Reached XP level 3. HP: 21/21 MP: 4/4
   839 | D:2      | Found a faded altar of an unknown god.
  1027 | D:2      | Reached XP level 4. HP: 26/26 MP: 5/5
  1261 | D:2      | 1261 ||| UPGRADING to +0 cloak.
  1266 | D:2      | 1266 ||| READING scroll labelled YDONGO UNLAYLA.
  1271 | D:2      | 1271 ||| READING scroll labelled YGETHR NOIGYSERULED.
  1272 | D:2      | 1272 ||| READING 3 scrolls labelled UKHLASTRESU.
  1273 | D:2      | 1273 ||| READING scroll labelled CEXACW BOAL.
  1274 | D:2      | 1274 ||| DRINKING 2 clear potions.
  1275 | D:2      | 1275 ||| DROPPING 2 scrolls of revelation.
  1468 | D:3      | Found Vuukhliy's Magic Scroll Emporium.
  1533 | D:3      | You fall into a shaft and drop 1 floor!
  1538 | D:4      | Noticed Blork the orc
  1547 | D:4      | 1547 ||| READING scroll labelled QEIZXI LIREAV.
  1548 | D:4      | 1548 ||| READING 2 scrolls labelled JOIFEJ COYGIGH.
  1549 | D:4      | 1549 ||| DROPPING scroll of blinking.
  1578 | D:4      | Killed Blork the orc
  1579 | D:4      | Reached XP level 5. HP: 15/30 MP: 6/6
  1673 | D:4      | Reached skill level 3 in Fighting
  1758 | D:4      | Reached XP level 6. HP: 31/37 MP: 7/7
  1765 | D:4      | Reached skill level 6 in Ranged Weapons
  1854 | D:4      | 1854 ||| Stepping randomly (stuck).
  1882 | D:5      | Entered Level 5 of the Dungeon
  1897 | D:5      | 1897 ||| UPGRADING to +0 helmet.
  1915 | D:5      | 1915 ||| STAIRDANCE
  1961 | D:4      | 1961 ||| UPGRADING to +0 leather armour.
  1971 | D:4      | 1971 ||| DROPPING +0 robe.
  2655 | D:3      | 2655 ||| READING scroll labelled GULIERUMPO.
  2656 | D:3      | 2656 ||| DRINKING 2 fuming emerald potions.
  2662 | D:3      | 2662 ||| DROPPING potion of ambrosia.
  2680 | D:4      | 2680 ||| STAIRDANCE
  2687 | D:3      | Reached skill level 1 in Armour
  2939 | D:4      | Noticed a black bear
  2959 | D:4      | HP: 8/38 [black bear (2)]
  2960 | D:4      | 2960 ||| DRINKING 2 potions of heal wounds.
  2964 | D:4      | Killed a black bear
  2965 | D:4      | Reached skill level 4 in Fighting
  2965 | D:4      | Reached XP level 7. HP: 24/44 MP: 8/8
  2971 | D:4      | HP: 10/44 [ogre/+0 giant spiked club (16)]
  2972 | D:4      | 2972 ||| DRINKING potion of heal wounds.
  3199 | D:4      | 3199 ||| UPGRADING to amulet of guardian spirit.
  3204 | D:4      | 3204 ||| DROPPING ring of flight.
  3205 | D:4      | 3205 ||| UPGRADING to +6 ring of dexterity.
  3206 | D:4      | 3206 ||| READING scroll labelled FAV YBBOEFIA.
  3206 | D:4      | Identified a scroll of acquirement
  3206 | D:4      | 3206 ||| ACQUIRING 1151 gold pieces
  3206 | D:4      | Acquired 1151 gold pieces
  3207 | D:4      | 3207 ||| READING 2 scrolls of identify.
  3207 | D:4      | 3207 ||| IDENTIFYING cyan potion
  3208 | D:4      | 3208 ||| DROPPING potion of attraction.
  3346 | D:4      | Noticed Grinder
  3354 | D:4      | 3354 ||| STAIRDANCE
  3358 | D:3      | Paralysed by Grinder for 2 turns
  3367 | D:3      | Killed Grinder
  3368 | D:3      | Reached skill level 3 in Dodging
  3368 | D:3      | Reached XP level 8. HP: 22/48 MP: 4/9
  3576 | D:4      | 3576 ||| UPGRADING to +2 helmet.
  3586 | D:4      | 3586 ||| DROPPING +0 helmet.
  3587 | D:4      | 3587 ||| READING 4 scrolls labelled YLUONU PAST.
  3588 | D:4      | 3588 ||| READING scroll labelled APSA OFRUPT.
  3589 | D:4      | 3589 ||| DROPPING 3 scrolls of immolation.
  3750 | D:5      | Found a stormy altar of Qazlal.
  3761 | D:5      | 3761 ||| SWAPPING to +0 shortbow.
  3780 | D:5      | 3780 ||| DROPPING +2 sling.
  4072 | D:5      | 4072 ||| Stepping ~*~*~tactically~*~*~ (outnumbered).
  4074 | D:5      | 4074 ||| Stepping ~*~*~tactically~*~*~ (outnumbered).
  4075 | D:5      | 4075 ||| Stepping ~*~*~tactically~*~*~ (outnumbered).
  4101 | D:5      | Reached skill level 5 in Fighting
  4272 | D:5      | Noticed Pikel
  4301 | D:5      | Killed Pikel
  4302 | D:5      | Reached XP level 9. HP: 25/54 MP: 5/10
  4705 | D:5      | Reached skill level 6 in Fighting
  4877 | D:5      | 4877 ||| UPGRADING to +0 ring mail.
  4887 | D:5      | 4887 ||| DROPPING +0 leather armour.
  4888 | D:5      | 4888 ||| READING scroll labelled YKEOXU NIJOTH.
  4905 | D:6      | 4905 ||| PLANNING SEWER
  4953 | D:6      | Identified the amulet "Eriek" {Acrobat Dex+3}
  5030 | D:6      | Found a shimmering altar of Xom.
  5163 | D:6      | Noticed Maggie
  5166 | D:6      | Reached skill level 3 in Armour
  5193 | D:6      | Killed Maggie
  5194 | D:6      | Reached skill level 7 in Fighting
  5243 | D:6      | 5243 ||| Stepping ~*~*~tactically~*~*~ (cloud).
  5382 | D:6      | Found a staircase to the Ecumenical Temple.
  5470 | D:6      | Found a glowing drain.
  5478 | D:6      | 5478 ||| UPGRADING to +0 steam dragon scales.
  5488 | D:6      | 5488 ||| DROPPING +0 ring mail.
  5489 | D:6      | 5489 ||| UPGRADING to amulet "Eriek" {Acrobat Dex+3}.
  5499 | D:6      | 5499 ||| DROPPING amulet of guardian spirit.
  5500 | D:6      | 5500 ||| DROPPING ring of ice.
  5501 | D:6      | 5501 ||| DRINKING 2 blue potions.
  5501 | D:6      | Gained mutation: Your magical capacity is low. (-10% MP)
                  | [potion of mutation]
  5501 | D:6      | Lost mutation: Your magical capacity is low. (-10% MP)
                  | [potion of mutation]
  5501 | D:6      | Gained mutation: Your flesh is heat resistant. (rF+)
                  | [potion of mutation]
  5501 | D:6      | Gained mutation: You are partially covered in iridescent
                  | scales. (AC +2) [potion of mutation]
  5507 | Sewer    | Entered a sewer
  5534 | Sewer    | Noticed Pargi
  5548 | Sewer    | Killed Pargi
  5605 | Sewer    | 5605 ||| UPGRADING to +0 pair of gloves.
  5610 | Sewer    | 5610 ||| DRINKING 3 fizzy emerald potions.
  5611 | Sewer    | 5611 ||| DRINKING 2 bubbling white potions.
  5611 | Sewer    | Reached skill level 9 in Dodging
  5611 | Sewer    | Reached XP level 10. HP: 63/63 MP: 11/11
  5612 | Sewer    | 5612 ||| DRINKING potion of experience.
  5612 | Sewer    | Reached XP level 11. HP: 67/67 MP: 12/12
  5613 | Sewer    | 5613 ||| DROPPING 2 potions of degeneration.
  5629 | D:6      | 5629 ||| PLANNING TEMPLE
  5668 | Temple   | Entered the Ecumenical Temple
  5703 | Temple   | 5703 ||| PLANNING OKAWARU WORSHIP
  5793 | Temple   | Became a worshipper of Warmaster Okawaru
  5794 | Temple   | 5794 ||| PLANNING D:1-11
  5852 | D:6      | Noticed Menkaure
  5856 | D:6      | Killed Menkaure
  6242 | D:6      | Found a shadowy altar of Dithmenos.
  6334 | D:6      | 6334 ||| READING scroll of enchant weapon.
  6334 | D:6      | 6334 ||| ENCHANTING +0 shortbow.
  6401 | D:6      | 6401 ||| DRINKING 3 dark potions.
  6526 | D:7      | 6526 ||| Stepping ~*~*~tactically~*~*~ (outnumbered).
  6622 | D:7      | 6622 ||| Stepping ~*~*~tactically~*~*~ (outnumbered).
  6623 | D:7      | Found a flagged portal.
  6624 | D:7      | 6624 ||| Stepping ~*~*~tactically~*~*~ (outnumbered).
  6626 | D:7      | 6626 ||| Stepping ~*~*~tactically~*~*~ (outnumbered).
  6630 | D:7      | 6630 ||| Stepping ~*~*~tactically~*~*~ (outnumbered).
  6809 | D:7      | Reached skill level 8 in Fighting
  6861 | D:7      | Noticed a cyclops
  6877 | D:7      | Killed a cyclops
  6978 | D:7      | Reached * piety under Okawaru
  6979 | D:7      | 6979 ||| INVOKING Heroism.
  6980 | D:7      | 6980 ||| INVOKING Heroism.
  6989 | D:7      | Noticed a two-headed ogre
  6997 | D:7      | Killed a two-headed ogre
  6998 | D:7      | Reached XP level 12. HP: 75/75 MP: 11/13
  7236 | D:7      | Reached skill level 1 in Invocations
  7477 | D:7      | Found Qailaruntips's Magic Scroll Emporium.
  7482 | D:7      | 7482 ||| BUYING scroll of brand weapon (133 gold).
  7482 | D:7      | Bought a scroll of brand weapon for 133 gold pieces
  7482 | D:7      | 7482 ||| BUYING scroll of identify (28 gold).
  7482 | D:7      | Bought a scroll of identify for 28 gold pieces
  7482 | D:7      | 7482 ||| BUYING scroll of identify (28 gold).
  7482 | D:7      | Bought a scroll of identify for 28 gold pieces
  7482 | D:7      | 7482 ||| BUYING scroll of teleportation (42 gold).
  7482 | D:7      | Bought a scroll of teleportation for 42 gold pieces
  7482 | D:7      | 7482 ||| BUYING scroll of teleportation (42 gold).
  7482 | D:7      | Bought a scroll of teleportation for 42 gold pieces
  7482 | D:7      | 7482 ||| BUYING scroll of teleportation (42 gold).
  7482 | D:7      | Bought a scroll of teleportation for 42 gold pieces
  7482 | D:7      | 7482 ||| BUYING scroll of teleportation (42 gold).
  7482 | D:7      | Bought a scroll of teleportation for 42 gold pieces
  7482 | D:7      | 7482 ||| READING scroll of brand weapon.
  7482 | D:7      | 7482 ||| BRANDING +1 shortbow.
  7517 | D:7      | 7517 ||| READING 3 scrolls of identify.
  7517 | D:7      | 7517 ||| IDENTIFYING smoky ruby potion
  7518 | D:7      | 7518 ||| READING 2 scrolls of identify.
  7518 | D:7      | 7518 ||| IDENTIFYING inky potion
  7565 | D:8      | 7565 ||| FLEEEEING.
  7570 | D:8      | 7570 ||| STAIRDANCE
  7615 | D:8      | Reached skill level 9 in Fighting
  7630 | D:8      | Identified the +2 pair of boots of Qes Yvva {*Slow rF+++
                  | Str+4 Dex+3}
  7676 | D:8      | Reached skill level 3 in Invocations
  7692 | D:8      | Reached ** piety under Okawaru
  7695 | D:8      | Found an ornate altar of the Wu Jian Council.
  7887 | D:8      | 7887 ||| Stepping ~*~*~tactically~*~*~ (outnumbered).
  8187 | D:8      | 8187 ||| UPGRADING to +1 robe of resistance.
  8197 | D:8      | 8197 ||| UPGRADING to +2 pair of boots of Qes Yvva {*Slow
                  | rF+++ Str+4 Dex+3}.
  8202 | D:8      | 8202 ||| UPGRADING to +0 steam dragon scales.
  8212 | D:8      | 8212 ||| UPGRADING to +1 leather armour of cold resistance.
  8222 | D:8      | 8222 ||| READING 2 scrolls of identify.
  8222 | D:8      | 8222 ||| IDENTIFYING sedimented pink potion
  8261 | D:9      | Found a runed translucent gate.
  8262 | D:9      | Found a runed translucent gate.
  8265 | D:9      | Found a runed translucent gate.
  8266 | D:9      | 8266 ||| Stepping ~*~*~tactically~*~*~ (outnumbered).
  8267 | D:9      | 8267 ||| Stepping ~*~*~tactically~*~*~ (outnumbered).
  8269 | D:9      | 8269 ||| Stepping ~*~*~tactically~*~*~ (outnumbered).
  8270 | D:9      | 8270 ||| Stepping ~*~*~tactically~*~*~ (outnumbered).
  8377 | D:9      | 8377 ||| DRINKING 2 potions of curing.
  8377 | D:9      | 8377 ||| (to cure confusion)
  8378 | D:9      | 8378 ||| Stepping ~*~*~tactically~*~*~ (outnumbered).
  8380 | D:9      | 8380 ||| Stepping ~*~*~tactically~*~*~ (outnumbered).
  8418 | D:9      | Found a staircase to the Orcish Mines.
  8488 | D:9      | Noticed a two-headed ogre
  8494 | D:9      | Killed a two-headed ogre
  8522 | D:9      | 8522 ||| FLEEEEING.
  8523 | D:9      | 8523 ||| FLEEEEING.
  8524 | D:9      | 8524 ||| FLEEEEING.
  8591 | D:9      | Found a radiant altar of Vehumet.
  8711 | D:9      | Noticed qw's ghost (novice DEHu)
  8711 | D:9      | Noticed qw's ghost (novice GrHu)
  8732 | D:9      | Found a staircase to the Lair.
  8746 | D:9      | 8746 ||| INVOKING Heroism.
  8895 | D:9      | 8895 ||| INVOKING Heroism.
  8899 | D:9      | Reached skill level 10 in Fighting
  8902 | D:9      | Noticed a two-headed ogre
  8907 | D:9      | Killed a two-headed ogre
  9006 | D:9      | 9006 ||| INVOKING Heroism.
  9008 | D:9      | Noticed a boulder beetle
  9016 | D:9      | Reached *** piety under Okawaru
  9035 | D:9      | 9035 ||| INVOKING Heroism.
  9037 | D:9      | Killed a boulder beetle
  9037 | D:9      | Received a gift from Okawaru
  9086 | D:9      | Identified the +5 scale mail of Veukkeho {+Blink rN+++
                  | Will+ Int-4}
  9086 | D:9      | Identified the +0 orcbow of Golden Action {heavy, *Corrode
                  | Fly rC- SInv}
  9088 | D:9      | 9088 ||| SWAPPING to +0 orcbow of Golden Action {heavy,
                  | *Corrode Fly rC- SInv}.
  9089 | D:9      | 9089 ||| DROPPING +1 heavy shortbow.
  9153 | D:9      | 9153 ||| PLANNING LAIR
  9153 | D:9      | 9153 ||| DROPPING amulet of magic regeneration.
  9154 | D:9      | 9154 ||| READING scroll labelled ZEEXTU BUTHRAUN.
  9255 | D:9      | 9255 ||| READING 2 scrolls of identify.
  9255 | D:9      | 9255 ||| IDENTIFYING smoky orange potion
  9276 | Lair:1   | Entered Level 1 of the Lair of Beasts
  9277 | Lair:1   | 9277 ||| INVOKING Heroism.
  9364 | Lair:1   | Reached XP level 13. HP: 80/84 MP: 16/16
  9406 | Lair:1   | 9406 ||| INVOKING Heroism.
  9445 | Lair:1   | Noticed Erica
  9446 | Lair:1   | 9446 ||| INVOKING Heroism.
  9453 | Lair:1   | Killed Erica
  9753 | Lair:1   | Noticed Gastronok
  9754 | Lair:1   | 9754 ||| INVOKING Heroism.
  9757 | Lair:1   | 9757 ||| Stepping ~*~*~tactically~*~*~ (outnumbered).
  9760 | Lair:1   | Reached skill level 15 in Ranged Weapons
  9772 | Lair:1   | Killed Gastronok
  9772 | Lair:1   | Reached **** piety under Okawaru
  9891 | Lair:1   | 9891 ||| READING scroll labelled ATEDACL VEILE.
 10011 | Lair:2   | 10011 ||| INVOKING Heroism.
 10033 | Lair:2   | 10033 ||| INVOKING Heroism.
 10228 | Lair:2   | 10228 ||| INVOKING Heroism.
 10437 | Lair:2   | 10437 ||| INVOKING Heroism.
 10443 | Lair:2   | Reached skill level 6 in Invocations
 10527 | Lair:2   | Found a staircase to the Snake Pit.
 10588 | Lair:2   | 10588 ||| INVOKING Heroism.
 10590 | Lair:2   | 10590 ||| Stepping ~*~*~tactically~*~*~ (outnumbered).
 10612 | Lair:2   | 10612 ||| INVOKING Heroism.
 10647 | Lair:2   | 10647 ||| Stepping ~*~*~tactically~*~*~ (outnumbered).
 10650 | Lair:2   | 10650 ||| Stepping ~*~*~tactically~*~*~ (outnumbered).
 10654 | Lair:2   | 10654 ||| INVOKING Heroism.
 10674 | Lair:2   | 10674 ||| INVOKING Heroism.
 10947 | Lair:3   | Found a staircase to the Shoals.
 11009 | Lair:3   | Reached skill level 11 in Fighting
 11031 | Lair:3   | Received a gift from Okawaru
 11289 | Lair:3   | 11289 ||| INVOKING Heroism.
 11640 | Lair:3   | 11640 ||| READING 6 scrolls of identify.
 11640 | Lair:3   | 11640 ||| IDENTIFYING viscous puce potion
 11641 | Lair:3   | 11641 ||| DROPPING potion of brilliance.
 11682 | Lair:4   | 11682 ||| STAIRDANCE
 11736 | Lair:4   | Reached ***** piety under Okawaru
 11738 | Lair:4   | Gained mutation: Your large and strong wings let you fly.
                  | [Gargoyle growth]
 11738 | Lair:4   | Reached XP level 14. HP: 86/91 MP: 20/20
 11859 | Lair:4   | Reached skill level 12 in Fighting
 12091 | Lair:4   | Found a staircase to the Slime Pits.
 12092 | Lair:4   | Found a viscous altar of Jiyva.
 12154 | Lair:4   | Noticed Rupert
 12154 | Lair:4   | Paralysed by Rupert for 2 turns
 12156 | Lair:4   | 12156 ||| INVOKING Heroism.
 12157 | Lair:4   | 12157 ||| INVOKING Finesse.
 12165 | Lair:4   | Killed Rupert
 12166 | Lair:4   | Reached skill level 9 in Invocations
 12294 | Lair:4   | 12294 ||| INVOKING Heroism.
 12295 | Lair:4   | 12295 ||| INVOKING Finesse.
 12306 | Lair:4   | Reached skill level 6 in Armour
 12364 | Lair:4   | 12364 ||| INVOKING Heroism.
 12365 | Lair:4   | 12365 ||| INVOKING Finesse.
 12566 | Lair:4   | 12566 ||| INVOKING Heroism.
 12819 | Lair:4   | 12819 ||| DROPPING ring of protection from cold.
 12820 | Lair:4   | 12820 ||| READING 5 scrolls of identify.
 12820 | Lair:4   | 12820 ||| IDENTIFYING smoky dark potion
 12821 | Lair:4   | 12821 ||| DROPPING potion of invisibility.
 12840 | Lair:5   | Entered Level 5 of the Lair of Beasts
 13096 | Lair:5   | 13096 ||| INVOKING Heroism.
 13171 | Lair:5   | Reached skill level 13 in Fighting
 13376 | Lair:5   | Received a gift from Okawaru
 13415 | Lair:5   | 13415 ||| INVOKING Heroism.
 13416 | Lair:5   | 13416 ||| INVOKING Finesse.
 13464 | Lair:5   | 13464 ||| INVOKING Heroism.
 13471 | Lair:5   | 13471 ||| INVOKING Finesse.
 13513 | Lair:5   | 13513 ||| INVOKING Heroism.
 13713 | Lair:5   | Reached skill level 14 in Fighting
 13952 | Lair:5   | 13952 ||| PLANNING D:1-11
 13952 | Lair:5   | 13952 ||| READING 5 scrolls of identify.
 13952 | Lair:5   | 13952 ||| IDENTIFYING fizzy ruby potion
 14046 | D:10     | Entered Level 10 of the Dungeon
 14098 | D:10     | Found an opulent altar of Gozag.
 14108 | D:10     | 14108 ||| FLEEEEING.
 14109 | D:10     | 14109 ||| FLEEEEING.
 14256 | D:10     | Found a basalt altar of Yredelemnul.
 14437 | D:10     | Found a portal to a secret trove of treasure.
 14746 | D:10     | 14746 ||| DROPPING +0 steam dragon scales.
 14747 | D:10     | 14747 ||| DROPPING +0 acid dragon scales.
 14748 | D:10     | 14748 ||| DROPPING +1 ring mail of willpower.
 14749 | D:10     | 14749 ||| UPGRADING to +0 troll leather armour.
 14759 | D:10     | 14759 ||| DROPPING +1 leather armour of cold resistance.
 14760 | D:10     | 14760 ||| DROPPING +1 pair of boots.
 14907 | D:11     | Reached XP level 15. HP: 100/100 MP: 22/22
 15162 | D:11     | 15162 ||| PLANNING D
 15208 | D:12     | Identified the +0 chain mail of Venoim {Str+2 Int+4 Dex+4}
 15411 | D:12     | 15411 ||| INVOKING Heroism.
 15425 | D:12     | Identified the scarf of Okawaru's Hatred {harm, *Slow
                  | +Blink Str+3 Stlth+} (Okawaru gifted it to you on level 12
                  | of the Dungeon)
 15425 | D:12     | Received a gift from Okawaru
 15431 | D:12     | 15431 ||| Stepping ~*~*~tactically~*~*~ (outnumbered).
 15571 | D:12     | 15571 ||| INVOKING Heroism.
 15578 | D:12     | 15578 ||| Stepping ~*~*~tactically~*~*~ (outnumbered).
 15966 | D:12     | 15966 ||| DROPPING scarf of Okawaru's Hatred {harm, *Slow
                  | +Blink Str+3 Stlth+}.
 15967 | D:12     | 15967 ||| DROPPING scarf of shadows.
 15968 | D:12     | 15968 ||| DROPPING ring of fire.
 16152 | D:13     | Reached skill level 15 in Fighting
 16252 | D:13     | 16252 ||| READING scroll of enchant armour.
 16252 | D:13     | 16252 ||| ENCHANTING +0 pair of gloves.
 16277 | D:13     | 16277 ||| INVOKING Heroism.
 16284 | D:13     | Reached skill level 9 in Armour
 16580 | D:13     | Found a gate to the Vaults.
 16757 | D:14     | 16757 ||| PLANNING GAUNTLET
 16758 | D:14     | Found an opulent altar of Gozag.
 16799 | D:14     | 16799 ||| INVOKING Heroism.
 16814 | D:14     | 16814 ||| FLEEEEING.
 16819 | D:14     | 16819 ||| FLEEEEING.
 16825 | D:14     | 16825 ||| FLEEEEING.
 16827 | D:14     | 16827 ||| FLEEEEING.
 16828 | D:14     | 16828 ||| FLEEEEING.
 16829 | D:14     | 16829 ||| FLEEEEING.
 16830 | D:14     | 16830 ||| STAIRDANCE
 16963 | D:14     | Found a gate leading to a gauntlet.
 16964 | D:14     | 16964 ||| DROPPING amulet of regeneration.
 16972 | Gauntlet | Entered a Gauntlet
 16972 | Gauntlet | Found a transporter.
 16982 | Gauntlet | Found a transporter.
 16996 | Gauntlet | Found a transporter.
 17001 | Gauntlet | Found a transporter.
 17018 | Gauntlet | Found a transporter.
 17037 | Gauntlet | Found a transporter.
 17051 | Gauntlet | Found a transporter.
 17063 | Gauntlet | Found a transporter.
 17075 | Gauntlet | Found a transporter.
 17083 | Gauntlet | Found a large runed translucent door.
 17084 | Gauntlet | Found a large runed translucent door.
 17085 | Gauntlet | Found a large runed translucent door.
 17085 | Gauntlet | Found a large runed translucent door.
 17086 | Gauntlet | Found a runed translucent gate.
 17087 | Gauntlet | Found a transporter.
 17087 | Gauntlet | Found a runed translucent gate.
 17088 | Gauntlet | Found a runed translucent gate.
 17089 | Gauntlet | Found a large runed translucent door.
 17089 | Gauntlet | Found a large runed translucent door.
 17089 | Gauntlet | Found a runed translucent door.
 17089 | Gauntlet | Found a runed translucent door.
 17090 | Gauntlet | Found a large runed translucent door.
 17091 | Gauntlet | Found a large runed translucent door.
 17093 | Gauntlet | Found a transporter.
 17093 | Gauntlet | Found a transporter.
 17102 | Gauntlet | Found a large runed translucent door.
 17102 | Gauntlet | Found a large runed translucent door.
 17103 | Gauntlet | Found a large runed translucent door.
 17104 | Gauntlet | Found a large runed translucent door.
 17113 | Gauntlet | Found a large runed translucent door.
 17113 | Gauntlet | Found a large runed translucent door.
 17114 | Gauntlet | Found a large runed translucent door.
 17115 | Gauntlet | Found a large runed translucent door.
 17136 | Gauntlet | Found a transporter.
 17164 | Gauntlet | Found a transporter.
 17184 | Gauntlet | Found a transporter.
 17186 | Gauntlet | Found a transporter.
 17266 | Gauntlet | Found a transporter.
 17288 | Gauntlet | Found a transporter.
 17467 | Gauntlet | 17467 ||| INVOKING Heroism.
 17537 | Gauntlet | 17537 ||| INVOKING Heroism.
 17542 | Gauntlet | Reached skill level 16 in Fighting
 17557 | Gauntlet | 17557 ||| READING 2 scrolls of enchant armour.
 17557 | Gauntlet | 17557 ||| ENCHANTING +1 pair of gloves.
 17558 | Gauntlet | 17558 ||| READING scroll of enchant armour.
 17558 | Gauntlet | 17558 ||| ENCHANTING +0 cloak.
 17562 | Gauntlet | 17562 ||| DROPPING +1 robe of resistance.
 17565 | D:14     | 17565 ||| PLANNING D
 17982 | D:15     | Entered Level 15 of the Dungeon
 18001 | D:15     | 18001 ||| INVOKING Heroism.
 18010 | D:15     | Identified the +4 buckler of Panentheism {-Cast Harm rElec
                  | rF+} (Okawaru gifted it to you on level 15 of the Dungeon)
 18010 | D:15     | Received a gift from Okawaru
 18037 | D:15     | Reached skill level 12 in Dodging
 18037 | D:15     | Reached XP level 16. HP: 98/110 MP: 23/23
 18124 | D:15     | Found Mepew's Distillery.
 18132 | D:15     | 18132 ||| BUYING potion of curing (45 gold).
 18132 | D:15     | Bought a potion of curing for 45 gold pieces
 18132 | D:15     | 18132 ||| BUYING potion of curing (45 gold).
 18132 | D:15     | Bought a potion of curing for 45 gold pieces
 18132 | D:15     | 18132 ||| BUYING potion of haste (150 gold).
 18132 | D:15     | Bought a potion of haste for 150 gold pieces
 18132 | D:15     | 18132 ||| BUYING potion of heal wounds (75 gold).
 18132 | D:15     | Bought a potion of heal wounds for 75 gold pieces
 18132 | D:15     | 18132 ||| BUYING potion of heal wounds (75 gold).
 18132 | D:15     | Bought a potion of heal wounds for 75 gold pieces
 18132 | D:15     | 18132 ||| BUYING potion of mutation (120 gold).
 18132 | D:15     | Bought a potion of mutation for 120 gold pieces
 18188 | D:15     | 18188 ||| INVOKING Heroism.
 18196 | D:15     | 18196 ||| INVOKING Finesse.
 18305 | D:15     | Noticed Roxanne
 18306 | D:15     | 18306 ||| INVOKING Heroism.
 18307 | D:15     | 18307 ||| INVOKING Finesse.
 18320 | D:15     | Killed Roxanne
 18373 | D:15     | 18373 ||| INVOKING Heroism.
 18409 | D:15     | Found a staircase to the Depths.
 18650 | D:15     | 18650 ||| PLANNING ORC
 18650 | D:15     | 18650 ||| READING 2 scrolls labelled CUKHIMUESE.
 18651 | D:15     | 18651 ||| DROPPING scroll of vulnerability.
 18809 | Orc:1    | Entered Level 1 of the Orcish Mines
 18902 | Orc:1    | 18902 ||| Stepping ~*~*~tactically~*~*~ (outnumbered).
 18904 | Orc:1    | 18904 ||| INVOKING Heroism.
 18908 | Orc:1    | 18908 ||| Stepping ~*~*~tactically~*~*~ (outnumbered).
 18912 | Orc:1    | 18912 ||| Stepping ~*~*~tactically~*~*~ (outnumbered).
 18933 | Orc:1    | 18933 ||| INVOKING Heroism.
 18940 | Orc:1    | Reached skill level 17 in Fighting
 18987 | Orc:1    | 18987 ||| INVOKING Heroism.
 19068 | Orc:2    | Entered Level 2 of the Orcish Mines
 19069 | Orc:2    | 19069 ||| INVOKING Heroism.
 19070 | Orc:2    | 19070 ||| Stepping ~*~*~tactically~*~*~ (outnumbered).
 19079 | Orc:2    | Noticed Jorgrun
 19097 | Orc:2    | Killed Jorgrun
 19112 | Orc:2    | 19112 ||| INVOKING Heroism.
 19200 | Orc:1    | You are sucked into a shaft and drop 1 floor!
 19241 | Orc:1    | 19241 ||| INVOKING Heroism.
 19704 | Orc:2    | Found Comuorra's Antique Armour Shoppe.
 19750 | Orc:2    | Noticed Saint Roka
 19751 | Orc:2    | 19751 ||| INVOKING Heroism.
 19752 | Orc:2    | 19752 ||| Stepping ~*~*~tactically~*~*~ (outnumbered).
 19764 | Orc:2    | 19764 ||| Stepping ~*~*~tactically~*~*~ (outnumbered).
 19770 | Orc:2    | Killed Saint Roka
 19795 | Orc:2    | 19795 ||| Stepping ~*~*~tactically~*~*~ (outnumbered).
 19796 | Orc:2    | 19796 ||| INVOKING Heroism.
 19826 | Orc:2    | Found a staircase to the Elven Halls.
 19838 | Orc:2    | 19838 ||| Stepping ~*~*~tactically~*~*~ (outnumbered).
 19849 | Orc:2    | 19849 ||| INVOKING Heroism.
 19894 | Orc:2    | 19894 ||| INVOKING Heroism.
 19896 | Orc:2    | HP: 28/112 [orc high priest/divine providence (11)]
 19897 | Orc:2    | 19897 ||| READING 9 scrolls of teleportation.
 19899 | Orc:2    | 19899 ||| DRINKING 5 potions of heal wounds.
 19901 | Orc:2    | 19901 ||| FLEEEEING.
 19902 | Orc:2    | 19902 ||| FLEEEEING.
 19903 | Orc:2    | 19903 ||| FLEEEEING.
 19904 | Orc:2    | 19904 ||| FLEEEEING.
 19905 | Orc:2    | 19905 ||| FLEEEEING.
 19906 | Orc:2    | 19906 ||| FLEEEEING.
 19907 | Orc:2    | 19907 ||| FLEEEEING.
 19908 | Orc:2    | 19908 ||| STAIRDANCE
 19977 | Orc:2    | 19977 ||| INVOKING Heroism.
 20007 | Orc:2    | Found Gahiptixt's Antique Armour Emporium.
 20007 | Orc:2    | Found Utuenkai's General Store.
 20009 | Orc:2    | Found Welome's Armour Shoppe.
 20013 | Orc:2    | Found Bokaniq's Antique Armour Emporium.
 20016 | Orc:2    | 20016 ||| BUYING runed leather armour (125 gold).
 20016 | Orc:2    | Bought a runed leather armour for 125 gold pieces
 20016 | Orc:2    | 20016 ||| BUYING runed scarf (200 gold).
 20016 | Orc:2    | Bought a runed scarf for 200 gold pieces
 20017 | Orc:2    | 20017 ||| BUYING embroidered robe (77 gold).
 20017 | Orc:2    | Bought an embroidered robe for 77 gold pieces
 20017 | Orc:2    | 20017 ||| BUYING pair of smouldering gloves (199 gold).
 20017 | Orc:2    | Bought a pair of smouldering gloves for 199 gold pieces
 20017 | Orc:2    | Identified the +1 pair of gloves "Yrestae" {-Cast Harm
                  | rElec} (You bought it in a shop on level 2 of the Orcish
                  | Mines)
 20019 | Orc:2    | 20019 ||| BUYING potion of haste (150 gold).
 20019 | Orc:2    | Bought a potion of haste for 150 gold pieces
 20019 | Orc:2    | 20019 ||| BUYING scroll of identify (30 gold).
 20019 | Orc:2    | Bought a scroll of identify for 30 gold pieces
 20167 | Orc:2    | 20167 ||| PLANNING SHOALS:1-3
 20167 | Orc:2    | 20167 ||| DROPPING +2 leather armour of willpower.
 20168 | Orc:2    | 20168 ||| DROPPING scarf of shadows.
 20169 | Orc:2    | 20169 ||| DROPPING +2 robe.
 20170 | Orc:2    | 20170 ||| DROPPING +1 pair of gloves "Yrestae" {-Cast Harm
                  | rElec}.
 20356 | Shoals:1 | Entered Level 1 of the Shoals
 20593 | Shoals:1 | 20593 ||| INVOKING Heroism.
 20659 | Shoals:1 | 20659 ||| INVOKING Heroism.
 20684 | Shoals:1 | Found a frozen archway.
 20688 | Shoals:1 | 20688 ||| Stepping ~*~*~tactically~*~*~ (cloud).
 20866 | Shoals:1 | 20866 ||| INVOKING Heroism.
 21236 | Shoals:2 | 21236 ||| STAIRDANCE
 21271 | Shoals:2 | 21271 ||| INVOKING Heroism.
 21273 | Shoals:2 | Reached skill level 18 in Fighting
 21318 | Shoals:2 | 21318 ||| SWAPPING to +0 longbow.
 21319 | Shoals:2 | 21319 ||| DROPPING +0 orcbow.
 21320 | Shoals:2 | 21320 ||| DROPPING +0 orcbow of Golden Action {heavy,
                  | *Corrode Fly rC- SInv}.
 21400 | Shoals:2 | Noticed a kraken
 21410 | Shoals:2 | 21410 ||| INVOKING Heroism.
 21413 | Shoals:2 | HP: 9/114 [kraken (25)]
 21414 | Shoals:2 | 21414 ||| READING 8 scrolls of teleportation.
 21414 | Shoals:2 | Mangled by a tentacle

Levels and vault maps discovered:
D:1:      amcnicky_arrival_blooded_trapdoor, layout_basic, serial_bayou_ford_a,
          minmay_misc_feat_columns, nrook_mini_backslash,
          roderic_serpentine_path
D:2:      layout_basic, shapermc_ecumenical_altar_mp_urbaneastern,
          minmay_pentomino_r4
D:3:      layout_loops_corners, serial_shops, nicolae_shop_rolling_square,
          chequers_serial_rivers_room_b, nicolae_houndstooth_variations
D:4:      old_forge, layout_rooms, minmay_crystal_water, minmay_joined_circles,
          uniq_blork_the_orc, uniq_grinder
D:5:      layout_basic, grunt_qazlal_clouds, grunt_ministairs_15,
          minmay_starry_boxes, uniq_pikel
D:6:      layout_basic, mainiacjoe_overflow_alcove_2, marbit_many_paths,
          minmay_temple_entry_slanted, gup_sewer_entry_bubbles, eino_curves_03,
          corexii_hall_statues_s, patterned_corridor, uniq_menkaure, uniq_maggie
D:7:      cheibrodos_helix_gallery, layout_basic, enter_bailey_5, serial_shops,
          shop, hangedman_decor_lopped, amcnicky_mini_pool_medium
D:8:      cheibrodos_wizards_tower, layout_rooms, nicolae_wu_jian_wuxing_cycle,
          nicolae_eternal_life
D:9:      minmay_the_grid_four_pointed_star_mashed
          [minmay_the_grid_triangle_9x9_negative_grid,
          minmay_the_grid_triangle_9x9_sprig,
          minmay_the_grid_triangle_9x9_corrupted_corridor,
          minmay_the_grid_triangle_9x9_swiss_cheese,
          minmay_the_grid_prize_shrinking_boxes], layout_rooms,
          nicolae_vehumet_radiance, david_lair_shrubbed,
          gammafunk_ghost_cemetery, st_stairs_10
D:10:     layout_loops_ring, mainiacjoe_overflow_catch_the_wave, enter_trove_3
D:11:     layout_rooms, nicolae_demonic_statue_gallery
D:12:     layout_basic, special_room [special_room_bee], minmay_alternating_orb
D:13:     layout_gridville, david_vaults_1, nicolae_lava_and_water
D:14:     layout_long_grid, grunt_gozag_breadcrumbs, gauntlet_entry_generic,
          kennysheep_potato
D:15:     hangedman_depths_entry_civil_slaughter, layout_gridville, hex_medium,
          serial_shops, nicolae_shop_industrial_runoff,
          hangedman_abyss_or_decor_stabs, uniq_roxanne
Temple:   nicolae_temple_superstar
Lair:1:   layout_misc_corridors, grunt_forest_stairs_basic, uniq_gastronok,
          uniq_erica
Lair:2:   layout_gridlike, guppyfry_snake_entry_garden, bobbens_dragon_lair_wall
Lair:3:   layout_gridlike, elwin_shoals_entry_rocks, beast_lair_carwin_10,
          lemuel_fruit_tree
Lair:4:   layout_regular_city, slime_entry_1, minmay_holes, minivault_23,
          grunt_megastairs_1, infiniplex_staircase_pool_2, uniq_rupert
Lair:5:   grunt_lair_end_beastmaster, layout_gridlike, minivault_26,
          serial_bayou_shore_b
Shoals:1: layout_shoals, portal_ice_cave_entry_dragon
Shoals:2: nicolae_shoals_lighthouse, layout_shoals, serial_shops,
          shop_fountains, nicolae_shoals_hidden_pirate_stash
Orc:1:    layout_caves, basic_altar
Orc:2:    st_orc_mages, layout_caves, serial_shops, shop, basic_altar,
          uniq_saint_roka, uniq_jorgrun

Skill      XL: |  1  2  3  4  5  6  7  8  9 10 11 12 13 14 15 16 |
---------------+-------------------------------------------------+-----
Ranged Weapons | 3 5 6 10 13 14 16 | 16.0
Fighting       | 2 3 4 5 7 8 10 11 14 16 18 | 18.0
Armour         | 1 3 4 5 7 9 10 | 10.0
Dodging        | 3 9 10 12 13 | 13.1
Invocations    | 4 8 10 | 10.0
Spellcasting   | |  1.0
Hexes          | |  2.6

Action                     |  1- 3 |  4- 6 |  7- 9 | 10-12 | 13-15 | 16-18 || total
---------------------------+-------+-------+-------+-------+-------+-------++-------
   Fire: Sling             |   125 |   184 |    76 |       |       |       ||   385
         Shortbow          |       |       |   351 |   464 |       |       ||   815
         Orcbow            |       |       |       |    25 |   951 |   507 ||  1483
         Longbow           |       |       |       |       |       |    18 ||    18
 Invoke: Heroism           |       |       |       |     6 |    27 |    19 ||    52
         Finesse           |       |       |       |       |     5 |     2 ||     7
    Use: Scroll            |     1 |     7 |     5 |     7 |     7 |     3 ||    30
         Potion            |     1 |     3 |     4 |     3 |       |     1 ||    12
 Armour: Robe              |    42 |    45 |       |       |       |       ||    87
         Leather armour    |       |    90 |   111 |    39 |    81 |       ||   321
         Ring mail         |       |       |    17 |       |       |       ||    17
         Steam dragon scal |       |       |     7 |    55 |       |       ||    62
         Troll leather arm |       |       |       |       |    94 |   159 ||   253
  Dodge: Dodged            |    49 |   124 |   219 |   235 |   736 |   715 ||  2078

Table legend:
 A = Non-vault XP
 B = Vault XP
 C = Vault XP percentage of total XP
 D = Non-vault monster count
 E = Vault monster count
 F = Vault count percentage of total count
                 A         B        C        D         E       F
            +---------+---------+-------+---------+---------+-------
      Total |   98172 |   67339 |  40.7 |     489 |     275 |  36.0
            +---------+---------+-------+---------+---------+-------
        D:1 |      33 |       0 |   0.0 |      20 |       0 |   0.0
        D:2 |      46 |       6 |  11.5 |      16 |       3 |  15.8
        D:3 |     100 |     277 |  73.5 |      17 |       1 |   5.6
        D:4 |      36 |     774 |  95.6 |      12 |      21 |  63.6
        D:5 |     854 |    1017 |  54.4 |      28 |      12 |  30.0
        D:6 |     908 |     604 |  39.9 |      13 |       9 |  40.9
        D:7 |    1515 |    1201 |  44.2 |      20 |      12 |  37.5
        D:8 |    1862 |     677 |  26.7 |      20 |       1 |   4.8
        D:9 |    2419 |    5198 |  68.2 |      35 |      19 |  35.2
       D:10 |    1506 |       0 |   0.0 |      11 |       0 |   0.0
       D:11 |    2081 |    1664 |  44.4 |       6 |       8 |  57.1
       D:12 |    2940 |    8558 |  74.4 |      12 |      41 |  77.4
       D:13 |    9012 |    2334 |  20.6 |      26 |       3 |  10.3
       D:14 |    9514 |     574 |   5.7 |      19 |       1 |   5.0
       D:15 |    8497 |    5338 |  38.6 |      11 |       7 |  38.9
     Lair:1 |    4455 |    2258 |  33.6 |      20 |       2 |   9.1
     Lair:2 |    3983 |    6590 |  62.3 |      15 |      25 |  62.5
     Lair:3 |    4900 |    1717 |  25.9 |      22 |       9 |  29.0
     Lair:4 |    9096 |    3458 |  27.5 |      27 |       8 |  22.9
     Lair:5 |    7220 |    8527 |  54.1 |      25 |      19 |  43.2
   Shoals:1 |   12649 |     860 |   6.4 |      31 |       1 |   3.1
   Shoals:2 |    7057 |       0 |   0.0 |      13 |       0 |   0.0
      Orc:1 |    3935 |       0 |   0.0 |      29 |       0 |   0.0
      Orc:2 |    3554 |   11516 |  76.4 |      41 |      59 |  59.0
      Sewer |       0 |     136 | 100.0 |       0 |       1 | 100.0
   Gauntlet |       0 |    4055 | 100.0 |       0 |      13 | 100.0
            +---------+---------+-------+---------+---------+-------
